 Dungeon Crawl Stone Soup version 0.28.0-1-gb440e238dd (webtiles) character file.

Game seed: 15950644157534812112

116 GraveyardiganJr the Chucker (level 5, -32/40 HPs)
             Began as a Gnoll Wanderer on Feb 19, 2022.
             Was an Initiate of Yredelemnul.
             Killed from afar by Ijyb (40 damage)
             ... with a bolt of acid
             ... on level 3 of the Dungeon.
             The game lasted 00:15:40 (2622 turns).

GraveyardiganJr the Chucker (Gnoll Wanderer)        Turns: 2622, Time: 00:15:41

Health: -32/40     AC:  4    Str: 12    XL:     5   Next: 1%
Magic:  9/9        EV: 11    Int: 14    God:    Yredelemnul [......]
Gold:   160        SH:  0    Dex: 10    Spells: 7/10 levels left

rFire   . . .      SeeInvis .   a - +2 dagger (drain)
rCold   . . .      Faith    .   (no shield)
rNeg    . . .      Spirit   .   d - +0 leather armour
rPois   .          Reflect  .   (no helmet)
rElec   .          Harm     .   (no cloak)
rCorr   .          Rampage  .   (no gloves)
Will    .....                   p - +0 pair of boots
Stlth   ++........              (no amulet)
HPRegen 0.13/turn               (no ring)
MPRegen 0.11/turn               (no ring)

@: no status effects
A: fangs 1, strong nose, distributed training
a: Renounce Religion, Recall Undead Harvest


You were on level 3 of the Dungeon.
You worshipped Yredelemnul.
Yredelemnul was noncommittal.
You visited 1 branch of the dungeon, and saw 4 of its levels.

You collected 160 gold pieces.

Inventory:

Hand Weapons
 a - a +2 dagger of draining (weapon)
 b - a +0 spear
 c - a +0 dagger
 l - a +0 war axe
 w - a +0 hunting sling
Missiles
 e - 43 arrows
 f - 12 poisoned darts (quivered)
 h - 20 bolts
 i - 130 stones
 k - 4 javelins
 r - 6 boomerangs
Armour
 d - a +0 leather armour (worn)
 p - a +0 pair of boots (worn)
 u - a +0 ring mail
Scrolls
 g - a scroll of identify {unknown}
 q - a scroll of fear {unknown}
 s - a scroll of enchant armour {unknown}
Potions
 j - 2 potions of heal wounds {unknown}
 m - 2 potions of brilliance {unknown}
 n - 2 potions of mutation {unknown}
 o - a potion of cancellation {unknown}
 t - a potion of attraction {unknown}


   Skills:
 + Level 2.8 Fighting
 + Level 1.3 Short Blades
 + Level 1.3 Long Blades
 + Level 4.7 Axes
 + Level 1.3 Maces & Flails
 + Level 1.3 Polearms
 + Level 1.3 Staves
 + Level 1.3 Slings
 + Level 1.3 Bows
 + Level 1.3 Crossbows
 + Level 4.7 Throwing
 + Level 2.8 Armour
 + Level 1.3 Dodging
 + Level 2.6 Stealth
 + Level 1.3 Shields
 + Level 1.3 Unarmed Combat
 + Level 3.1 Spellcasting
 + Level 3.9 Conjurations
 + Level 1.0 Hexes
 + Level 1.0 Summonings
 + Level 1.0 Necromancy
 + Level 1.0 Translocations
 + Level 1.0 Transmutations
 + Level 1.0 Fire Magic
 + Level 1.0 Ice Magic
 + Level 1.0 Air Magic
 + Level 1.0 Earth Magic
 + Level 1.0 Poison Magic
 + Level 1.4 Invocations
 + Level 1.3 Evocations


You had 7 spell levels left.
You knew the following spells:

 Your Spells              Type           Power      Damage    Failure   Level
a - Magic Dart            Conj           52%        1d5       5%          1
b - Static Discharge      Conj/Air       9%         N/A       14%         2

Your spell library contained the following spells:

 Spells                   Type           Power      Damage    Failure   Level
 Animate Skeleton         Necr           10%        N/A       17%         1
 Apportation              Tloc           10%        N/A       17%         1
 Pain                     Necr           20%        1d5       17%         1
 Summon Small Mammal      Summ           20%        N/A       17%         1
 Stone Arrow              Conj/Erth      18%        3d8       28%         3
 Sticky Flame             Conj/Fire      9%         2d3       67%         4
 Dispel Undead            Necr           5%         3d7       86%         4
 Agony                    Necr           5%         N/A       99%         5
 Excruciating Wounds      Necr           2%         N/A       99%         5


Dungeon Overview and Level Annotations

Branches:
Dungeon (4/15)
 Temple: D:4-7

Altars:
Ru
Yredelemnul

Annotations:
D:3 Ijyb


Innate Abilities, Weirdness & Mutations

You have very sharp teeth.
Your uncanny sense of smell can sniff out nearby items.
Your experience applies equally to all skills.


Message History

You pick up a book of Touch and begin reading...
You add the spells Static Discharge, Sticky Flame and Dispel Undead to your library.
Okay, then.
Memorise Static Discharge, consuming 2 spell levels and leaving 7?
You start memorising the spell.
You continue memorising. x2
You finish memorising.
Spell assigned to 'b'.
Okay, then.
Adjust (i)tems, (s)pells, or (a)bilities?
Okay, then.
Ijyb is nearby!
Ijyb shouts!
Ijyb zaps a wand.
The bolt of acid misses you.
Press: ? - help, v - describe, . - travel
Here: Ijyb, wielding a +0 dagger, wearing a +0 scale mail and carrying a wand of acid (10)
The floor.
You sense an unholy aura.
a - a +2 dagger of draining (weapon)
Ijyb zaps a wand.
The bolt of acid hits you!!
Ouch! That really hurt!
* * * LOW HITPOINT WARNING * * *
You hit Ijyb. You drain Ijyb. You bite Ijyb, but do no damage.
Ijyb is moderately wounded.
You hit Ijyb but do no damage. You drain Ijyb. Your punch misses Ijyb.
Ijyb is moderately wounded.
Ijyb hits you but does no damage.
You hit Ijyb but do no damage. You drain Ijyb.
Ijyb is heavily wounded.
Ijyb closely misses you.
You hit Ijyb. You drain Ijyb.
Ijyb is severely wounded.
Ijyb closely misses you.
You hit Ijyb but do no damage. You drain Ijyb.
Ijyb is severely wounded.
Ijyb closely misses you.
You hit Ijyb but do no damage.
Ijyb is severely wounded.
Ijyb zaps a wand.
The bolt of acid hits you!!!
Ouch! That really hurt!
You die...
Your body rises from the dead as a mindless zombie.

#.# #.# ##.####### ####### ..#
#.# #......... ... ### ..#
#.####.)####### #.. #..
..####.#.........# #.. #.#
.................# #..#####.#
.....##..##..###.# #........#
..#.#.#..##..###.#######...####.#
#.#....).........g.........####.#
#..##.#..#######@#######......g..
#....##..# #.#######.#.######
#..####..# #.##......#.# #.##
#..#######.##.###..#.## ..#
#..........##.###.#...# ###
##.#######............# ..#
####.###.#...# #.# #.##### #.# #


You could see Ijyb (drained).

Vanquished Creatures
  A jelly (D:4)
  An adder (D:4)
  A worm (D:2)
  4 dart slugs
  5 ball pythons
  4 endoplasms
  A giant cockroach (D:1)
  8 goblins
  6 hobgoblins
  3 jackals (D:2)
  A quokka (D:1)
  5 bats
  2 frilled lizards (D:2)
  10 kobolds
  3 rats
55 creatures vanquished.

Vanquished Creatures (collateral kills)
  2 ball pythons (D:2)
  2 endoplasms
  A hobgoblin (D:2)
  A jackal (D:2)
6 creatures vanquished.

Vanquished Creatures (others)
  A bat zombie (D:1)
  A ball python zombie (D:2)
  2 goblin zombies
  2 hobgoblin zombies
  A jackal zombie (D:2)
  2 spectral endoplasms
  A plant (D:4)
10 creatures vanquished.

Grand Total: 71 creatures vanquished

Notes
Turn   | Place    | Note
-------+----------+-------------------------------------------
     0 | D:1      | GraveyardiganJr the Gnoll Wanderer began the quest for the
                  | Orb.
     0 | D:1      | GraveyardiganJr set off with the following items: a +0 war
                  | axe, 11 poisoned darts, a +0 dagger, a +0 leather armour;
                  | and the following spell memorised: Magic Dart; and the
                  | following spells available to memorise: Stone Arrow
     0 | D:1      | Reached XP level 1. HP: 17/17 MP: 4/4
   133 | D:1      | Found a faded altar of an unknown god.
   185 | D:1      | Prayed at the altar of an unknown god.
   185 | D:1      | Became a worshipper of Yredelemnul the Dark
   185 | D:1      | Reached * piety under Yredelemnul
   323 | D:1      | Reached XP level 2. HP: 23/23 MP: 3/5
   469 | D:1      | Reached ** piety under Yredelemnul
  1047 | D:2      | Found a sacrificial altar of Ru.
  1073 | D:2      | Reached XP level 3. HP: 27/28 MP: 7/7
  1150 | D:2      | Reached skill level 1 in Invocations
  1301 | D:2      | Reached skill level 1 in Short Blades
  1301 | D:2      | Reached skill level 1 in Long Blades
  1301 | D:2      | Reached skill level 1 in Maces & Flails
  1301 | D:2      | Reached skill level 1 in Polearms
  1301 | D:2      | Reached skill level 1 in Staves
  1301 | D:2      | Reached skill level 1 in Slings
  1301 | D:2      | Reached skill level 1 in Bows
  1301 | D:2      | Reached skill level 1 in Crossbows
  1301 | D:2      | Reached skill level 1 in Dodging
  1301 | D:2      | Reached skill level 1 in Shields
  1301 | D:2      | Reached skill level 1 in Unarmed Combat
  1301 | D:2      | Reached skill level 1 in Evocations
  1635 | D:2      | Reached XP level 4. HP: 34/34 MP: 8/8
  2205 | D:3      | Noticed Ijyb
  2320 | D:4      | Reached skill level 1 in Hexes
  2320 | D:4      | Reached skill level 1 in Summonings
  2320 | D:4      | Reached skill level 1 in Necromancy
  2320 | D:4      | Reached skill level 1 in Translocations
  2320 | D:4      | Reached skill level 1 in Transmutations
  2320 | D:4      | Reached skill level 1 in Fire Magic
  2320 | D:4      | Reached skill level 1 in Ice Magic
  2320 | D:4      | Reached skill level 1 in Air Magic
  2320 | D:4      | Reached skill level 1 in Earth Magic
  2320 | D:4      | Reached skill level 1 in Poison Magic
  2320 | D:4      | Reached XP level 5. HP: 40/40 MP: 7/9
  2412 | D:4      | Noticed a necrophage
  2577 | D:3      | Learned a level 2 spell: Static Discharge
  2622 | D:3      | Killed from afar by Ijyb

Illustrated notes

Levels and vault maps discovered:
D:1:      zelgadis_glass_arrival_small, layout_loops_ring,
          hellmonk_ecumenical_altar_heavens_door
D:2:      layout_basic, basic_altar, minmay_pentomino_o2
D:3:      layout_loops_ring, uniq_ijyb
D:4:      layout_rooms, serial_forest, infiniplex_forest_lined_corner,
          infiniplex_forest_clump_curved, infiniplex_forest_end_2,
          infiniplex_forest_clump_small, infiniplex_forest_straight_3,
          infiniplex_forest_corner_1, infiniplex_forest_end_1,
          infiniplex_forest_pool, infiniplex_forest_lined_corner

Skill      XL: |  1  2  3  4 |
---------------+-------------+-----
Invocations    | 1 |  1.4
Short Blades   | 1 |  1.3
Long Blades    | 1 |  1.3
Maces & Flails | 1 |  1.3
Polearms       | 1 |  1.3
Staves         | 1 |  1.3
Slings         | 1 |  1.3
Bows           | 1 |  1.3
Crossbows      | 1 |  1.3
Dodging        | 1 |  1.3
Shields        | 1 |  1.3
Unarmed Combat | 1 |  1.3
Evocations     | 1 |  1.3
Spellcasting   | 3 |  3.1
Hexes          | 1 |  1.0
Summonings     | 1 |  1.0
Necromancy     | 1 |  1.0
Translocations | 1 |  1.0
Transmutations | 1 |  1.0
Fire Magic     | 1 |  1.0
Ice Magic      | 1 |  1.0
Air Magic      | 1 |  1.0
Earth Magic    | 1 |  1.0
Poison Magic   | 1 |  1.0
Fighting       | |  2.8
Axes           | |  4.7
Throwing       | |  4.7
Armour         | |  2.8
Stealth        | |  2.6
Conjurations   | |  3.9

Action                   |  1- 3 |  4- 6 || total
-------------------------+-------+-------++-------
Melee: Dagger            |    58 |    33 ||    91
       Punch             |     2 |       ||     2
       Bite              |     4 |     2 ||     6
       Spear             |     1 |       ||     1
 Fire: Hunting sling     |       |    21 ||    21
Throw: Dart              |    10 |       ||    10
 Cast: Magic Dart        |    13 |     3 ||    16
Invok: Recall Undead Har |     1 |       ||     1
 Stab: Sleeping          |     1 |       ||     1
Armor: Leather armour    |    25 |     2 ||    27
Dodge: Dodged            |    30 |    16 ||    46
